 Dungeon Crawl Stone Soup version 0.23.2-33-g5129a83184 (webtiles) character file.

Game seed: 12162553088298155312

51 funkygono the Conjurer (level 3, 0/23 HPs)
             Began as a Draconian Conjurer on July 20, 2019.
             Succumbed to an adder's poison
             ... on level 2 of the Dungeon.
             The game lasted 00:04:41 (1765 turns).

funkygono the Conjurer (Draconian Conjurer)         Turns: 1765, Time: 00:04:41

Health: 0/23       AC:  5    Str: 10    XL:     3   Next: 58%
Magic:  1/6        EV: 10    Int: 16    God:
Gold:   74         SH:  0    Dex: 11    Spells: 0/6 levels left

rFire    x . .     SeeInvis .   e - +0 club
rCold    + . .     Gourm    .   (no shield)
rNeg     . . .     Faith    .   (armour unavailable)
rPois    .         Spirit   .   (helmet restricted)
rElec    .         Reflect  .   (no cloak)
rCorr    .         Harm     .   (no gloves)
MR       .....                  (no boots)
Stlth    ++........             (no amulet)
HPRegen  0.07/turn              i - ring of ice
MPRegen  0.10/turn              g - -2 ring of evasion (curse)

@: lethally poisoned (0 -> -7), hasted, very quick
A: unfitting armour, horns 1, frail 1, cold-blooded, MP-powered wands, AC +5
a: no special abilities


You were on level 2 of the Dungeon.
You were not hungry.

You visited 1 branch of the dungeon, and saw 2 of its levels.

You collected 74 gold pieces.

Inventory:

Hand Weapons
 e - a +0 club (weapon)
Missiles
 c - 29 stones (quivered)
Jewellery
 g - a cursed -2 ring of evasion (right hand)
 i - a ring of ice (left hand)
Scrolls
 d - a scroll of blinking {unknown}
 f - a scroll of amnesia
Comestibles
 a - 6 chunks of flesh
 b - 2 rations


   Skills:
 + Level 2.2 Dodging
 + Level 2.1 Stealth
 + Level 2.3 Spellcasting
 + Level 4.7 Conjurations


You couldn't memorise any spells.
You knew the following spells:

 Your Spells              Type           Power        Failure   Level  Hunger
a - Magic Dart            Conj           ###.         2%          1    #......
b - Searing Ray           Conj           ###...       4%          2    ###....
c - Dazzling Spray        Conj/Hex       #.....       22%         3    ###....

Your spell library contained the following spells:

 Spells                   Type           Power        Failure   Level  Hunger
 Iskenderun's Mystic Bla  Conj           ###.....     28%         4    #####..
 Force Lance              Conj/Tloc      #.......     58%         4    #####..
 Fulminant Prism          Conj/Hex       #.........   58%         4    #####..


Dungeon Overview and Level Annotations

Branches:
Dungeon (2/15)

Altars:
Hepliaklqana
Xom


Innate Abilities, Weirdness & Mutations

Your plain brown scales are hard. (AC +5)
You cannot fit into any form of body armour.
You are cold-blooded and may be slowed by cold attacks.
You have a pair of small horns on your head.
You are frail. (-10% HP)
You expend magic power (3 MP) to strengthen your wands.


Message History

* * * LOW HITPOINT WARNING * * *
You feel sick.
You see here a notched garnet ring.
You feel more attuned to ice.
i - a ring of ice (left hand) Unknown command.
g - a notched garnet ring Oops, that ring feels deathly cold.
g - a cursed -2 ring of evasion (right hand)
There is a lethal amount of poison in your body!
There is a lethal amount of poison in your body!
There is a lethal amount of poison in your body!
There is a lethal amount of poison in your body!
There is a lethal amount of poison in your body!
There is a lethal amount of poison in your body!
* * * LOW HITPOINT WARNING * * *
You feel sick.
There is a lethal amount of poison in your body!
There is a lethal amount of poison in your body!
You die...

#)###.
#########..##.
.........)..#.#####
.############.....#
.####### #....#
.......#######....#
######............#
#########....#
#..@.# #.$..#
######


There were no monsters in sight!

Vanquished Creatures
  An adder (D:2)
  A worm (D:2)
  A dart slug (D:1)
  2 giant cockroaches (D:1)
  6 goblins
  4 hobgoblins
  2 jackals (D:2)
  7 kobolds
  A ball python (D:1)
  6 bats
  3 frilled lizards
  4 rats
38 creatures vanquished.

Notes
Turn   | Place    | Note
-------+----------+-------------------------------------------
     0 | D:1      | funkygono the Draconian Conjurer began the quest for the
                  | Orb.
     0 | D:1      | Reached XP level 1. HP: 14/14 MP: 3/3
     0 | D:1      | Noticed a naga
     0 | D:1      | Noticed a human
     6 | D:1      | Noticed a vine stalker
     7 | D:1      | Noticed a vampire
     8 | D:1      | Noticed an octopode
    10 | D:1      | Noticed a human
    12 | D:1      | Noticed a gargoyle
    14 | D:1      | Noticed a vine stalker
    14 | D:1      | Noticed a vampire
    14 | D:1      | Noticed a spriggan
    16 | D:1      | Noticed an ogre
    16 | D:1      | Noticed a dwarf
    16 | D:1      | Noticed a centaur
    20 | D:1      | Noticed a human
   484 | D:1      | Reached XP level 2. HP: 20/20 MP: 3/5
   488 | D:1      | Learned a level 2 spell: Searing Ray
  1433 | D:2      | Reached XP level 3. HP: 26/26 MP: 4/6
  1439 | D:2      | Learned a level 3 spell: Dazzling Spray
  1490 | D:2      | Found a hazy altar of Hepliaklqana.
  1491 | D:2      | Found a shimmering altar of Xom.
  1491 | D:2      | Noticed a wyvern
  1492 | D:2      | Noticed a spectral ugly thing
  1492 | D:2      | Noticed a wyvern
  1749 | D:2      | Gained mutation: You have a pair of small horns on your
                  | head. [potion of mutation]
  1749 | D:2      | Gained mutation: You are frail. (-10% HP) [potion of
                  | mutation]
  1749 | D:2      | Gained mutation: You expend magic power (3 MP) to
                  | strengthen your wands. [potion of mutation]
  1761 | D:2      | HP: 1/23 [poisoned by an adder]
  1765 | D:2      | Succumbed to an adder's poison

Skill      XL: |  1  2 |
---------------+-------+-----
Dodging        | 2 |  2.2
Stealth        | 2 |  2.1
Spellcasting   | |  2.3
Conjurations   | |  4.7

Action                   || total
-------------------------++-------
Melee: Unarmed           ||     1
       Club              ||    38
       Tailslap          ||     5
 Cast: Magic Dart        ||    72
       Searing Ray       ||     1
  Use: Scroll            ||     4
       Potion            ||     2
  Eat: Chunk             ||     4
Armor: Skin              ||    12
Dodge: Dodged            ||    40
